Description

Hi guys ! In this tutorial about starcraft 2, i explain you 2 ways to defend 12 pool In ZvP. In starcraft 2, beginners have many difficulty to hold this kind of cheese. It's time to know how to hold it the easy way. I present you the standard hold using wall, gate, zealot and a more easy way (oriented for beginners but powerful at high level too) using full wall, gate, forge and cannon.

This kind of cheese can be really challenging to hold but there is some ways to know about it :

  • You need to scout it really fast (that the reason why protoss scout early)
  • This ZvP cheese is realling engaging for the zerg
  • There is no gas in the build order. If you hold it with no damage you are far ahead
  • It's the first cheese to learn to hold: From Bronze to GM, many zerg do it

VOD

https://youtu.be/-blIn1nmAFY

Replay - Sholip v zuka - Catalyst LE

Build Order

Get SALT Encoding   

  12  0:00  Probe  
  13  0:13  Probe  
  14  0:21  Pylon  
  14  0:22  Probe  
  15  0:35  Probe  
  15  0:42  Gateway  
  16  0:47  Probe  
  16  0:49  Assimilator  
  17  0:59  Probe  
  18  1:04  Forge  
  18  1:11  Probe  
  19  1:23  Probe  
  20  1:34  Cybernetics Core  
  20  1:35  Probe  
  20  1:38  Photon Cannon  
  21  1:47  Probe  
  22  2:03  Nexus  
  22  2:09  Assimilator  
  22  2:16  Pylon  
  23  2:25  Warp Gate  
  23  2:34  Stalker  
  28  3:04  Robotics Facility  
  30  3:19  Twilight Council  
  30  3:24  Adept  
  37  3:41  Warp Prism  
  37  3:43  Pylon  
  38  3:51  Sentry  
  44  4:08  Resonating Glaives  
  46  4:12  Immortal  
  46  4:13  Gateway x2  
  49  4:26  Pylon  
  49  4:37  Sentry  
  51  4:40  Gateway x2  
  51  4:44  Immortal  
  51  4:59  Pylon  
  54  5:06  Sentry, Gateway x2  
  56  5:38  Adept x3  
  62  5:57  Adept x5  
  62  5:58  Charge  
  58  6:28  Adept  
  64  6:50  Zealot x7  
Spawning Tool Build Advisor. Get it on Overwolf

Go to:

Details

  • Created by: zuka      
  • Published on: Jul 05, 2018
  • Modified on: Jul 05, 2018
  • Patch: 4.0.0
  • Difficulty: Easy
Show
View Real Time Build Order
Export as new Build Order

Comments (0)

There are no comments. Be the first!

Create an account to comment!